PAA
MARQUETTE MINERS @ SACRAMENTO WHITECAPS
07/17/2021
 
TOP OF THE 1ST
Marquette Miners batting - Pitching for Sacramento Whitecaps : LHP Fernando Blanca
Pitching: LHP Fernando Blanca
Batting: LHB Jorge Flores 0-0: Fly out, F8 (Line Drive, 8LM)
Batting: RHB Gerald Clark 0-0: Called Strike
0-1: Ball
1-1: Called Strike
1-2: Ball
2-2: Ground out 4-3 (Groundball, 4)
Batting: RHB Adrian Hale 0-0: Ball
1-0: Ball
2-0: Called Strike
2-1: Fly out, F8 (Flyball, 8RS)
Top of the 1st over - 0 run(s), 0 hit(s), 0 error(s), 0 left on base; Marquette 0 - Sacramento 0
BOTTOM OF THE 1ST
Sacramento Whitecaps batting - Pitching for Marquette Miners : RHP Víctor García
Pitching: RHP Víctor García
Batting: RHB José Casarreal 0-0: Ball
1-0: Ball
2-0: Foul Ball, location: 2F
2-1: Ball
3-1: Base on Balls
Batting: RHB Henry Potts 0-0: Foul Ball, location: 2F
0-1: Ball
1-1: Fly out, F9 (Popup, 89S)
Batting: RHB Mariano Ramírez 0-0: Ball
1-0: Called Strike
1-1: Ball
2-1: Ball
3-1: Base on Balls
José Casarreal to second
Batting: LHB Mario Cruz 0-0: Ball
1-0: Called Strike
1-1: Called Strike
1-2: Ball
2-2: Foul Ball, location: 2F
2-2: Ball
3-2: Foul Ball, location: 2F
3-2: Base on Balls
José Casarreal to third
Mariano Ramírez to second
Batting: LHB Robert Bond 0-0: Ball
1-0: Ball
2-0: Ball
3-0: Called Strike
3-1: Base on Balls
José Casarreal scores
Mariano Ramírez to third
Mario Cruz to second
Batting: RHB Bill McCarty 0-0: Ball
1-0: Foul Ball, location: 2F
1-1: Swinging Strike
1-2: Ball
2-2: Foul Ball, location: 2F
2-2: Foul Ball, location: 2F
2-2: Strikes out swinging
Batting: RHB Jackson Shewman 0-0: Called Strike
0-1: Ball
1-1: DOUBLE (Flyball, 78XD)
Mariano Ramírez scores
Mario Cruz scores
Robert Bond to third
Runner from 3rd tries for Home, SAFE, no throw or cutoff
Batting: SHB Valentín Guzmán 0-0: Called Strike
0-1: Foul Ball, location: 2F
0-2: Strikes out swinging
Bottom of the 1st over - 4 run(s), 1 hit(s), 0 error(s), 1 left on base; Marquette 0 - Sacramento 4
TOP OF THE 2ND
Marquette Miners batting - Pitching for Sacramento Whitecaps : LHP Fernando Blanca
Batting: RHB Pedro Pérez 0-0: Called Strike
0-1: Foul Ball, location: 2F
0-2: Foul Ball, location: 2F
0-2: Ground out 4-3 (Groundball, 4)
Batting: RHB Isaac Downey 0-0: Swinging Strike
0-1: Ball
1-1: Foul Ball, location: 2F
1-2: TRIPLE (Groundball, 5L)
Batting: RHB Manuel Herrera 0-0: Foul Ball, location: 2F
0-1: Ball
1-1: Swinging Strike
1-2: Ball
2-2: Strikes out swinging
Batting: RHB Howard Kelly 0-0: Called Strike
0-1: Ball
1-1: Ball
2-1: Ball
3-1: Base on Balls
Batting: LHB José Ortega 0-0: Foul Ball, location: 2F
Balk!
Isaac Downey scores
Howard Kelly to second
0-1: Ball
1-1: Foul Ball, location: 2F
1-2: Ball
2-2: Ball
3-2: Fly out, F8 (Flyball, 8LM)
Top of the 2nd over - 1 run(s), 1 hit(s), 0 error(s), 1 left on base; Marquette 1 - Sacramento 4
BOTTOM OF THE 2ND
Sacramento Whitecaps batting - Pitching for Marquette Miners : RHP Víctor García
Batting: RHB Mike Taylor 0-0: SINGLE (Popup, 5L)
Batting: RHB José Casarreal 0-0: Called Strike
0-1: Swinging Strike
0-2: Ball
1-2: Ball
2-2: Ball
3-2: Strikes out swinging
Batting: RHB Henry Potts 0-0: Ball
1-0: Foul Ball, location: 2F
1-1: Ball
2-1: Fly out, F4 (Popup, 4D)
Batting: RHB Mariano Ramírez 0-0: Called Strike
0-1: Foul Ball, location: 2F
0-2: Strikes out swinging
Bottom of the 2nd over - 0 run(s), 1 hit(s), 0 error(s), 1 left on base; Marquette 1 - Sacramento 4
TOP OF THE 3RD
Marquette Miners batting - Pitching for Sacramento Whitecaps : LHP Fernando Blanca
Batting: RHB Pil-joong Pak 0-0: Swinging Strike
0-1: Swinging Strike
0-2: Ball
1-2: Ball
2-2: Strikes out swinging
Batting: LHB Jorge Flores 0-0: Foul Ball, location: 2F
0-1: Ball
1-1: Ball
2-1: Foul Ball, location: 2F
2-2: Fly out, F6 (Popup, 6)
Batting: RHB Gerald Clark 0-0: Called Strike
0-1: Fly out, F7 (Flyball, 7S)
Top of the 3rd over - 0 run(s), 0 hit(s), 0 error(s), 0 left on base; Marquette 1 - Sacramento 4
BOTTOM OF THE 3RD
Sacramento Whitecaps batting - Pitching for Marquette Miners : RHP Víctor García
Batting: LHB Mario Cruz 0-0: Foul Ball, location: 2F
0-1: SOLO HOME RUN (Flyball, 9D), Distance : 377 ft
Batting: LHB Robert Bond 0-0: Foul Ball, location: 2F
0-1: Foul Ball, location: 2F
0-2: Ball
1-2: Ball
2-2: Ball
3-2: Fly out, F6 (Popup, 5D)
Batting: RHB Bill McCarty 0-0: Ball
1-0: Ball
2-0: Called Strike
2-1: Ball
3-1: Fly out, F8 (Flyball, 8LXD)
Batting: RHB Jackson Shewman 0-0: Called Strike
0-1: Called Strike
0-2: SINGLE (Line Drive, 9S)
Batting: SHB Valentín Guzmán 0-0: Called Strike
0-1: Ball
1-1: Ball
2-1: Foul Ball, location: 2F
2-2: DOUBLE (Line Drive, 9LM)
Jackson Shewman to third
Runner from 3rd tries for Home, SAFE, no throw or cutoff
Batting: RHB Mike Taylor 0-0: SINGLE (Flyball, 9LS)
Valentín Guzmán to third
Runner from 3rd tries for Home, SAFE, no throw or cutoff
Batting: RHB José Casarreal 0-0: Called Strike
0-1: Ground out 1-3 (Groundball, 15S)
Bottom of the 3rd over - 3 run(s), 4 hit(s), 0 error(s), 1 left on base; Marquette 1 - Sacramento 7
TOP OF THE 4TH
Marquette Miners batting - Pitching for Sacramento Whitecaps : LHP Fernando Blanca
Batting: RHB Adrian Hale 0-0: Ball
1-0: Ball
2-0: Called Strike
2-1: Foul Ball, location: 2F
2-2: Foul Ball, location: 2F
2-2: Foul Ball, location: 2F
2-2: Ball
3-2: Base on Balls
Batting: RHB Pedro Pérez 0-0: Ball
Adrian Hale steals 2nd base
1-0: Ground out 5-3 (Groundball, 56S)
Adrian Hale to third
Batting: RHB Isaac Downey 0-0: Fly out, F3 (Popup, 3SF)
Batting: RHB Manuel Herrera 0-0: Ball
1-0: Called Strike
1-1: SINGLE (Line Drive, 9S)
Adrian Hale scores
Batting: RHB Howard Kelly 0-0: Ball
1-0: Foul Ball, location: 2F
1-1: Foul Ball, location: 2F
1-2: Ball
2-2: Ball
Manuel Herrera steals 2nd base
3-2: Foul Ball, location: 2F
3-2: Ground out 2-3 (Groundball, 2R)
Top of the 4th over - 1 run(s), 1 hit(s), 0 error(s), 1 left on base; Marquette 2 - Sacramento 7
BOTTOM OF THE 4TH
Sacramento Whitecaps batting - Pitching for Marquette Miners : RHP Víctor García
Pitching: LHP Michael Fields
Batting: RHB Henry Potts 0-0: Ball
1-0: Ball
2-0: Ball
3-0: Base on Balls
Batting: RHB Mariano Ramírez 0-0: 2-RUN HOME RUN (Flyball, 7D), Distance : 400 ft
Batting: LHB Mario Cruz 0-0: Called Strike
0-1: Ball
1-1: Ball
2-1: Ball
3-1: Base on Balls
Batting: LHB Robert Bond 0-0: Called Strike
0-1: Swinging Strike
0-2: Strikes out looking
Batting: RHB Bill McCarty 0-0: Ball
1-0: Called Strike
1-1: Ball
2-1: Fly out, F9 (Flyball, 9LS)
Batting: RHB Jackson Shewman 0-0: Called Strike
0-1: Ball
1-1: Ball
2-1: Called Strike
2-2: Strikes out looking
Bottom of the 4th over - 2 run(s), 1 hit(s), 0 error(s), 1 left on base; Marquette 2 - Sacramento 9
TOP OF THE 5TH
Marquette Miners batting - Pitching for Sacramento Whitecaps : LHP Fernando Blanca
Batting: LHB José Ortega 0-0: Foul Ball, location: 2F
0-1: Called Strike
0-2: Ball
1-2: Foul Ball, location: 2F
1-2: Ball
2-2: Foul Ball, location: 2F
2-2: Fly out, F8 (Flyball, 8LM)
Batting: RHB Pil-joong Pak 0-0: Ball
1-0: Ball
2-0: Called Strike
2-1: Ground out 6-3 (Groundball, 6)
Batting: LHB Jorge Flores 0-0: Ball
1-0: Called Strike
1-1: Ball
2-1: Ground out 6-3 (Groundball, 6MS)
Top of the 5th over - 0 run(s), 0 hit(s), 0 error(s), 0 left on base; Marquette 2 - Sacramento 9
BOTTOM OF THE 5TH
Sacramento Whitecaps batting - Pitching for Marquette Miners : LHP Michael Fields
Batting: SHB Valentín Guzmán 0-0: Ball
1-0: Foul Ball, location: 2F
1-1: Ball
2-1: Fly out, F8 (Flyball, 8RM)
Batting: RHB Mike Taylor 0-0: Called Strike
0-1: Ball
1-1: Foul Ball, location: 2F
1-2: Ball
2-2: Ball
3-2: Base on Balls
Batting: RHB José Casarreal 0-0: Ball
1-0: Foul Ball, location: 2F
1-1: SINGLE (Groundball, 34D)
Mike Taylor to second
Runner from 2nd tries for 3rd, SAFE, throw made to third
Batting: RHB Henry Potts 0-0: Called Strike
0-1: Foul Ball, location: 2F
0-2: SINGLE (Line Drive, 9LM)
Mike Taylor scores
José Casarreal to second
Runner from 2nd tries for 3rd, SAFE, no throw or cutoff
Batting: RHB Mariano Ramírez 0-0: Called Strike
0-1: Grounds into double play, 5-4-3 (Groundball, 56)
Bottom of the 5th over - 1 run(s), 2 hit(s), 0 error(s), 1 left on base; Marquette 2 - Sacramento 10
TOP OF THE 6TH
Marquette Miners batting - Pitching for Sacramento Whitecaps : LHP Fernando Blanca
Batting: RHB Gerald Clark 0-0: Foul Ball, location: 2F
0-1: Foul Ball, location: 2F
0-2: Ball
1-2: Ball
2-2: SINGLE (Flyball, 9LS) - OUT at second base trying to stretch hit.
Batting: RHB Adrian Hale 0-0: Ball
1-0: Foul Ball, location: 2F
1-1: Foul Ball, location: 2F
1-2: Foul Ball, location: 2F
1-2: Foul Ball, location: 2F
1-2: Fly out, F7 (Flyball, 7D)
Batting: RHB Pedro Pérez 0-0: Ball
1-0: Ball
2-0: Fly out, F4 (Line Drive, 4)
Top of the 6th over - 0 run(s), 1 hit(s), 0 error(s), 0 left on base; Marquette 2 - Sacramento 10
BOTTOM OF THE 6TH
Sacramento Whitecaps batting - Pitching for Marquette Miners : LHP Michael Fields
Pitching: RHP Elvin Glass
Batting: LHB Mario Cruz 0-0: Swinging Strike
0-1: Ball
1-1: Fly out, F9 (Line Drive, 9M)
Batting: LHB Robert Bond 0-0: Foul Ball, location: 2F
0-1: SINGLE (Line Drive, 7S)
Batting: RHB Bill McCarty 0-0: Ball
1-0: Ball
2-0: Ball
3-0: Base on Balls
Robert Bond to second
Batting: RHB Jackson Shewman 0-0: Called Strike
0-1: Ball
1-1: Ball
2-1: Ball
3-1: Base on Balls
Robert Bond to third
Bill McCarty to second
Batting: SHB Valentín Guzmán 0-0: Called Strike
0-1: Fly out, F8 (Flyball, 8LM)
Runner from 3rd tags up, SCORES, throw made
Batting: RHB Mike Taylor 0-0: Swinging Strike
0-1: Ball
1-1: Ground out 6-3 (Groundball, 6)
Bottom of the 6th over - 1 run(s), 1 hit(s), 0 error(s), 2 left on base; Marquette 2 - Sacramento 11
TOP OF THE 7TH
Marquette Miners batting - Pitching for Sacramento Whitecaps : LHP Fernando Blanca
Batting: RHB Isaac Downey Error on foul ball, E3
0-1: Ball
1-1: Foul Ball, location: 2F
1-2: Strikes out swinging, 2-3 out at first.
Batting: RHB Manuel Herrera 0-0: Ball
1-0: Called Strike
1-1: Foul Ball, location: 2F
1-2: Foul Ball, location: 2F
1-2: Ball
2-2: SINGLE (Flyball, 8RS)
Batting: RHB Howard Kelly 0-0: Ball
Manuel Herrera steals 2nd base
1-0: Reached on error, E6 (Groundball, 6M)
Manuel Herrera to third
Batting: LHB José Ortega 0-0: Ball
1-0: Called Strike
1-1: Ball
2-1: Foul Ball, location: 2F
2-2: Foul Ball, location: 2F
2-2: SINGLE (Groundball, 5S) (infield hit)
Manuel Herrera scores
Howard Kelly to second
Batting: RHB Pil-joong Pak 0-0: Foul Ball, location: 2F
0-1: Foul Ball, location: 2F
0-2: Ball
1-2: Ball
2-2: Foul Ball, location: 2F
2-2: Ball
3-2: Foul Ball, location: 2F
3-2: Foul Ball, location: 2F
3-2: Foul Ball, location: 2F
3-2: DOUBLE (Line Drive, 7LS)
Howard Kelly scores
José Ortega to third
Runner from 3rd tries for Home, SAFE, no throw or cutoff
Batting: LHB Jorge Flores 0-0: Ball
1-0: SINGLE (Line Drive, 78S)
Pil-joong Pak to third
Runner from 3rd tries for Home, SAFE, no throw or cutoff
Pitching: RHP Pio Allori
Batting: RHB Gerald Clark 0-0: Called Strike
0-1: Ball
1-1: Ball
2-1: Foul Ball, location: 2F
2-2: Strikes out swinging
Batting: RHB Adrian Hale 0-0: Fly out, F8 (Flyball, 8RM)
Top of the 7th over - 4 run(s), 4 hit(s), 2 error(s), 1 left on base; Marquette 6 - Sacramento 11
BOTTOM OF THE 7TH
Sacramento Whitecaps batting - Pitching for Marquette Miners : RHP Elvin Glass
Batting: RHB José Casarreal 0-0: Ball
1-0: DOUBLE (Groundball, 5L)
Batting: RHB Henry Potts 0-0: Ball
1-0: Ball
2-0: Ball
3-0: Called Strike
3-1: Fly out, F7 (Line Drive, 78M)
Batting: RHB Mariano Ramírez 0-0: Called Strike
0-1: SINGLE (Line Drive, 6D)
José Casarreal to third
Batting: LHB Mario Cruz 0-0: Called Strike
0-1: Ball
1-1: Ball
Wild Pitch!
José Casarreal scores
Mariano Ramírez to second
2-1: Foul Ball, location: 2F
2-2: Ball
3-2: Foul Ball, location: 2F
3-2: Base on Balls
Batting: LHB Robert Bond 0-0: Ball
1-0: Called Strike
1-1: Swinging Strike
1-2: Foul Ball, location: 2F
1-2: Ball
2-2: Foul Ball, location: 2F
2-2: Ball
3-2: Base on Balls
Mariano Ramírez to third
Mario Cruz to second
Batting: RHB Bill McCarty 0-0: Fly out, F4 (Popup, 3D)
Batting: RHB Jackson Shewman 0-0: Ball
1-0: Swinging Strike
1-1: Ball
2-1: Foul Ball, location: 2F
2-2: Ball
3-2: Fly out, F9 (Flyball, 9M)
Bottom of the 7th over - 1 run(s), 2 hit(s), 0 error(s), 3 left on base; Marquette 6 - Sacramento 12
TOP OF THE 8TH
Marquette Miners batting - Pitching for Sacramento Whitecaps : RHP Pio Allori
Now at SS: Geremia Napolitano
Batting: RHB Pedro Pérez 0-0: Called Strike
0-1: Ball
1-1: SINGLE (Line Drive, 78S)
Batting: RHB Isaac Downey 0-0: Ball
1-0: Ball
2-0: Ball
3-0: Base on Balls
Pedro Pérez to second
Batting: RHB Manuel Herrera 0-0: Called Strike
0-1: Swinging Strike
0-2: Grounds into double play, 4-6-3 (Groundball, 4)
Pedro Pérez to third
Batting: RHB Howard Kelly 0-0: Called Strike
0-1: Ball
1-1: DOUBLE (Flyball, 8RS)
Pedro Pérez scores
Batting: LHB José Ortega 0-0: Called Strike
0-1: Foul Ball, location: 2F
0-2: Ball
1-2: Ground out 4-3 (Groundball, 4)
Top of the 8th over - 1 run(s), 2 hit(s), 0 error(s), 1 left on base; Marquette 7 - Sacramento 12
BOTTOM OF THE 8TH
Sacramento Whitecaps batting - Pitching for Marquette Miners : RHP Elvin Glass
Batting: SHB Valentín Guzmán 0-0: Ground out U3 (Groundball, 3)
Batting: RHB Mike Taylor 0-0: Ball
1-0: SINGLE (Flyball, 8LS)
Batting: RHB José Casarreal 0-0: Ball
1-0: Ball
2-0: Ball
3-0: Base on Balls
Mike Taylor to second
Pitching: RHP Ed Stark
Batting: RHB Henry Potts 0-0: Ball
1-0: Swinging Strike
1-1: Ball
2-1: Fly out, F9 (Flyball, 9S)
Batting: RHB Mariano Ramírez 0-0: Ball
1-0: Swinging Strike
1-1: Ground out 4-3 (Groundball, 4MS)
Bottom of the 8th over - 0 run(s), 1 hit(s), 0 error(s), 2 left on base; Marquette 7 - Sacramento 12
TOP OF THE 9TH
Marquette Miners batting - Pitching for Sacramento Whitecaps : RHP Pio Allori
Pitching: LHP Pedro Garza
Now at 3B: Alfonso López
Batting: RHB Pil-joong Pak 0-0: DOUBLE (Flyball, 89M)
Batting: LHB Jorge Flores 0-0: Called Strike
0-1: Ball
1-1: Called Strike
1-2: Ball
2-2: Foul Ball, location: 2F
2-2: SINGLE (Groundball, 6M)
Pil-joong Pak to third
Batting: RHB Gerald Clark 0-0: Foul Ball, location: 2F
0-1: Foul Ball, location: 2F
0-2: SINGLE (Line Drive, 78M)
Pil-joong Pak scores
Jorge Flores to second
Batting: RHB Adrian Hale 0-0: Fly out, F5 (Popup, 56)
Batting: RHB Pedro Pérez 0-0: Called Strike
0-1: Ball
1-1: Reached on Error, E7 (Line Drive, 7S)
Jorge Flores scores
Gerald Clark to third
Pinch Hitting: RHB Jim Unknown 0-0: Ball
1-0: SINGLE (Groundball, 4M)
Gerald Clark scores
Pedro Pérez to third
Runner from 3rd tries for Home, SAFE, no throw or cutoff
Pitching: RHP Jim Unknown
Pinch Hitting: LHB Jim Unknown 0-0: Called Strike
0-1: Ball
1-1: Hit by Pitch
Jim Unknown to second
Pinch Runner at 2nd Alan Hardy:
Pinch Hitting: LHB Jim Unknown 0-0: Fielders Choice at 2nd, 4-6 (Groundball, 4)
Alan Hardy to third
Batting: LHB José Ortega 0-0: Ball
1-0: Ball
2-0: Swinging Strike
2-1: Reached on error, E3 (Groundball, 3)
Alan Hardy scores
Jim Unknown to second
Batting: RHB Pil-joong Pak 0-0: Ball
1-0: Called Strike
1-1: SINGLE (Line Drive, 78S)
Jim Unknown to third
José Ortega to second
Runner from 3rd tries for Home, SAFE, no throw or cutoff
Batting: LHB Jorge Flores 0-0: Called Strike
0-1: Ball
1-1: Ground out 4-3 (Groundball, 4)
Top of the 9th over - 6 run(s), 5 hit(s), 2 error(s), 2 left on base; Marquette 13 - Sacramento 12
BOTTOM OF THE 9TH
Sacramento Whitecaps batting - Pitching for Marquette Miners : RHP Ed Stark
Pitching: RHP Gabriel Rodríguez
Now at 3B: Jim Unknown
Now at SS: Jim Unknown
Now in CF: Wayne Cameron
Batting: LHB Mario Cruz 0-0: Foul Ball, location: 2F
0-1: SINGLE (Line Drive, 89M)
Batting: LHB Robert Bond 0-0: Called Strike
0-1: Swinging Strike
0-2: Foul Ball, location: 2F
0-2: Strikes out swinging
Batting: RHB Bill McCarty 0-0: Ball
1-0: Swinging Strike
1-1: Called Strike
1-2: Strikes out swinging
Batting: LHB Geremia Napolitano 0-0: Called Strike
0-1: Fly out, F9 (Flyball, 9M)
Bottom of the 9th over - 0 run(s), 1 hit(s), 0 error(s), 1 left on base; Marquette 13 - Sacramento 12
This league is powered by Out of the Park Baseball, the baseball management simulation game for PC, Mac and Linux
Friday, January 22nd, 2016 - OOTP Baseball 16.9 Build 39